 Dungeon Crawl Stone Soup version 0.27-a0-79-gcaaa221d37 (webtiles) character file.

Game seed: 3303668064603915830

187 lunkers the Digger (level 5, -5/35 HPs)
             Began as a Vampire Earth Elementalist on Jan 14, 2021.
             Killed from afar by an orc wizard (10 damage)
             ... with a magic dart
             ... on level 3 of the Dungeon.
             The game lasted 00:04:30 (2530 turns).

lunkers the Digger (Vampire Earth Elementalist)     Turns: 2530, Time: 00:04:30

Health: -5/35      AC:  2    Str:  7    XL:     5   Next: 39%
Magic:  2/10       EV: 12    Int: 19    God:
Gold:   122        SH:  0    Dex: 14    Spells: 4/10 levels left

rFire    . . .     SeeInvis +   b - +0 dagger
rCold    . . .     Faith    .   (no shield)
rNeg     . . .     Spirit   .   c - +0 robe
rPois    +         Reflect  .   (no helmet)
rElec    .         Harm     .   (no cloak)
rCorr    .         Rampage  .   (no gloves)
Will     .....                  (no boots)
Stlth    +.........             (no amulet)
HPRegen  0.31/turn              k - ring of poison resistance
MPRegen  0.12/turn              (no ring)

@: confused, regenerating quickly
A: fangs 3, see invisible, unbreathing
a: Exsanguinate


You were on level 3 of the Dungeon.
You visited 1 branch of the dungeon, and saw 3 of its levels.

You collected 122 gold pieces.

Inventory:

Hand Weapons
 b - a +0 dagger (weapon)
Armour
 c - a +0 robe (worn)
Jewellery
 k - a ring of poison resistance (left hand)
 l - an uncursed ring of protection from fire
 o - an uncursed ring of protection from cold {unknown}
Wands
 p - a wand of polymorph (11)
Scrolls
 a - 5 scrolls of identify {unknown}
 d - 3 scrolls of remove curse {unknown}
 e - 2 scrolls of fear {unknown}
 g - 2 scrolls of fog {unknown}
 i - a scroll of blinking {unknown}
 n - a scroll of noise {unknown}
Potions
 f - 2 potions of lignification {unknown}
 h - a potion of ambrosia {unknown}
 j - a potion of haste {unknown}
 m - a potion of might {unknown}
 q - 2 potions of curing {unknown}


   Skills:
 - Level 2.1 Dodging
 - Level 3.0 Stealth
 + Level 3.3 Spellcasting
 - Level 1.1 Transmutations
 * Level 5.3 Earth Magic


You had 4 spell levels left.
You knew the following spells:

 Your Spells              Type           Power        Failure   Level
a - Stone Arrow           Conj/Erth      26%          14%         3
b - Passwall              Tmut/Erth      12%          6%          2
c - Sandblast             Erth           46%          1%          1

Your spell library contained the following spells:

 Spells                   Type           Power        Failure   Level
 Petrify                  Tmut/Erth      15%          36%         4
 Lee's Rapid Deconstruct  Erth           11%          41%         5


Dungeon Overview and Level Annotations

Branches:
Dungeon (3/15)

Altars:
Sif Muna


Innate Abilities, Weirdness & Mutations

Your natural rate of healing is unusually fast.
You have razor-sharp teeth.
You have supernaturally acute eyesight. (SInv)
You can survive without breathing.


Message History

The orc wizard hits you with a +0 dagger.
* * * LOW HITPOINT WARNING * * *
Your magical contamination has completely faded away.
You closely miss the orc wizard. Your bite misses the orc wizard.
The orc wizard is almost dead.
The orc wizard casts a spell at you.
You are confused.
You closely miss the orc wizard.
The orc wizard is almost dead.
The orc wizard hits you but does no damage.
You hit the orc wizard.
The orc wizard is almost dead.
The orc wizard casts a spell at itself.
The orc wizard flickers and vanishes for a moment.
Unknown command.
The orc wizard hits you with a +0 dagger.
* * * LOW HITPOINT WARNING * * *
The orc wizard points at you and mumbles some strange words.
The magic dart hits you!
You die...

.........[#...#......##
.#.######.........#...#
##.........####...#####
##.....##### ##..#
#......# #..# .......#
#..# ##.....#
######..#### #.....#
#..........# #.....#
#.....@.o..# #>....#
#..........# #<....#
#..........# #.....#
#..........# #######
#..........#
############


You could see an orc wizard (invisible).

Vanquished Creatures
  A hound (D:3)
  3 gnolls (D:3)
  7 adders
  A worm (D:2)
  2 dart slugs
  3 leopard geckos
  2 orcs (D:3)
  5 giant cockroaches
  7 goblins
  5 jackals (D:2)
  8 kobolds
  A ball python (D:1)
  9 bats
  A frilled lizard (D:1)
  2 rats
57 creatures vanquished.

Notes
Turn   | Place    | Note
-------+----------+-------------------------------------------
     0 | D:1      | lunkers the Vampire Earth Elementalist began the quest for
                  | the Orb.
     0 | D:1      | Reached XP level 1. HP: 13/13 MP: 3/3
   286 | D:1      | Reached XP level 2. HP: 19/19 MP: 3/5
  1020 | D:2      | Reached XP level 3. HP: 24/24 MP: 4/6
  1025 | D:2      | Found a shimmering blue altar of Sif Muna.
  1147 | D:2      | Reached skill level 4 in Earth Magic
  1487 | D:2      | Reached XP level 4. HP: 30/30 MP: 6/8
  2127 | D:3      | Reached skill level 5 in Earth Magic
  2189 | D:3      | Reached XP level 5. HP: 27/35 MP: 5/9
  2311 | D:3      | Learned a level 2 spell: Passwall
  2315 | D:3      | Learned a level 3 spell: Stone Arrow
  2530 | D:3      | Killed from afar by an orc wizard

Illustrated notes

Levels and vault maps discovered:
D:1:      minmay_arrival_shattered_statue, layout_basic
D:2:      layout_basic, nicolae_overflow_crystal_walls, minmay_misc_feat_plants
D:3:      layout_rooms

Skill      XL: |  1  2  3  4 |
---------------+-------------+-----
Earth Magic    | 4 5 |  5.3
Spellcasting   | 3 |  3.3
Dodging        | |  2.1
Stealth        | |  3.0
Transmutations | |  1.1

Action                   |  1- 3 |  4- 6 || total
-------------------------+-------+-------++-------
Melee: Unarmed           |     3 |    19 ||    22
       Bite              |     1 |     3 ||     4
       Dagger            |       |     4 ||     4
 Cast: Sandblast         |    52 |    34 ||    86
       Stone Arrow       |       |     8 ||     8
Armor: Robe              |     1 |     8 ||     9
Dodge: Dodged            |     4 |    23 ||    27

Table legend: (Time is in decaauts)
 A = Elapsed time spent in this place.
 B = Non-inter-level travel time spent in this place.
 C = Inter-level travel time spent in this place.
 D = Time resting spent in this place.
 E = Time spent auto-exploring this place.
 F = Levels seen in this place.
 G = Mean time per level.
                   A        B        C        D        E       F      G
               +--------+--------+--------+--------+--------+-----+--------+
         Total |   2528 |   2463 |     65 |     69 |   1998 |   3 |  842.7 |
       Dungeon |   2528 |   2463 |     65 |     69 |   1998 |   3 |  842.7 |
               +--------+--------+--------+--------+--------+-----+--------+

Top non-repeatable levels by time:
     D:1: 977 daAuts
     D:2: 887 daAuts
     D:3: 664 daAuts
